 Dungeon Crawl Stone Soup version 0.29-a0-1006-g0dd7720b37 (webtiles) character file.

Game seed: 1274459937989725478

45 BritishOli the Trooper (level 3, 0/29 HPs)
             Began as a Demonspawn Fighter on Aug 6, 2022.
             Succumbed to an adder's poison
             ... on level 4 of the Dungeon.
             The game lasted 00:01:27 (2264 turns).

BritishOli the Trooper (Demonspawn Fighter)         Turns: 2264, Time: 00:01:28

Health: 0/29       AC:  9    Str: 18    XL:     3   Next: 42%
Magic:  3/3        EV:  9    Int:  9    God:
Gold:   151        SH:  4    Dex: 12    Spells: 2/2 levels left

rFire   . . .      SeeInvis .   a - +0 long sword
rCold   . . .      Faith    .   c - +0 buckler
rNeg    . . .      Spirit   .   b - +0 scale mail
rPois   .          Reflect  .   (no helmet)
rElec   .          Harm     .   (no cloak)
rCorr   .          Rampage  .   (no gloves)
Will    .....                   h - +0 pair of boots
Stlth   ..........              (no amulet)
HPRegen 0.09/turn               (no ring)
MPRegen 0.08/turn               (no ring)

@: lethally poisoned (0 -> -3)
A: claws 1, slimy green scales 1
a: no special abilities


You were on level 4 of the Dungeon.
You visited 1 branch of the dungeon, and saw 4 of its levels.

You collected 151 gold pieces.

Inventory:

Hand Weapons
 a - a +0 long sword (weapon)
Armour
 b - a +0 scale mail (worn)
 c - a +0 buckler (worn)
 h - a +0 pair of boots (worn)
Scrolls
 f - 3 scrolls of vulnerability {unknown}
 g - 5 scrolls of identify {unknown}
 i - 2 scrolls of teleportation {unknown}
 j - 2 scrolls of noise {unknown}
 k - 2 scrolls of blinking {unknown}
 l - a scroll of amnesia {unknown}
Potions
 d - 2 potions of might


   Skills:
 + Level 3.4 Fighting
 + Level 2.3 Long Blades
 + Level 3.1 Armour
 + Level 3.1 Shields


You had 2 spell levels left.
You didn't know any spells.
Your spell library contained the following spells:

 Spells                   Type           Power      Damage    Failure   Level
 Blink                    Tloc           0%         N/A       94%         2
 Gell's Gravitas          Tloc           0%         N/A       99%         3
 Ignite Poison            Fire/Tmut/Pois 0%         N/A       99%         3
 Lesser Beckoning         Tloc           0%         N/A       99%         3
 Mephitic Cloud           Conj/Pois/Air  0%         N/A       99%         3
 Teleport Other           Tloc           0%         N/A       99%         3
 Freezing Cloud           Conj/Ice/Air   0%         6-21      100%        5
 Manifold Assault         Tloc           0%         N/A       100%        5


Dungeon Overview and Level Annotations

Branches:
Dungeon (4/15)
 Temple: D:4-7

Altars:


Innate Abilities, Weirdness & Mutations

You have sharp fingernails.
You are partially covered in slimy green scales. (AC +2)


Message History

Okay, then.
You hit the orc but do no damage. You block the adder's attack.
You block the orc's attack. The adder bites you but does no damage.
You hit the orc.
The orc is heavily wounded.
The adder barely misses you. You block the orc's attack.
The adder bites you but does no damage.
You hit the orc.
The orc is almost dead.
The orc hits you but does no damage. The adder bites you.
You hit the orc.
You kill the orc!
The adder completely misses you. The adder bites you but does no damage.
The endoplasm hits you but does no damage.
The hobgoblin hits you but does no damage.
You hit the hobgoblin.
The hobgoblin is lightly wounded.
The adder bites you.
* * * LOW HITPOINT WARNING * * *
You are poisoned.
The adder poisons you!
The hobgoblin hits you but does no damage.
The endoplasm freezes you.
You are frozen.
* * * LOW HITPOINT WARNING * * *
The adder bites you but does no damage.
You slash the hobgoblin!
You kill the hobgoblin!
* * * LOW HITPOINT WARNING * * *
You feel sick. The endoplasm misses you. The adder bites you.
* * * LOW HITPOINT WARNING * * *
The adder barely misses you. You block the endoplasm's attack.
You hit the endoplasm.
The endoplasm is almost dead.
* * * LOW HITPOINT WARNING * * *
You feel sick. The adder bites you but does no damage.
The endoplasm hits you but does no damage.
You slash the endoplasm!
You kill the endoplasm!
You die...

##.# #.
.#.#### ..
.#..... ##
#. ..... ..
.. ....
#.##. ..#
#.#.... ##.#
#......##@.#
#.......S)##
#.......g##
.#....##.#
#.... #..
#... ##..
#... J#. #..
.#.. #.. ..
#.


You could see an adder and a goblin.

Vanquished Creatures
  A dart slug (D:1)
  An orc (D:4)
  4 ball pythons
  3 endoplasms
  3 giant cockroaches
  5 goblins
  2 hobgoblins
  4 jackals (D:2)
  6 kobolds
  A quokka (D:1)
  4 bats
  2 frilled lizards (D:2)
  3 rats
39 creatures vanquished.

Notes
Turn   | Place    | Note
-------+----------+-------------------------------------------
     0 | D:1      | BritishOli the Demonspawn Fighter began the quest for the
                  | Orb.
     0 | D:1      | Reached XP level 1. HP: 18/18 MP: 1/1
   493 | D:1      | Gained mutation: You are partially covered in slimy green
                  | scales. (AC +2) [demonic ancestry]
   493 | D:1      | Reached XP level 2. HP: 22/24 MP: 2/2
  1512 | D:2      | Gained mutation: You have sharp fingernails. [demonic
                  | ancestry]
  1512 | D:2      | Reached XP level 3. HP: 29/29 MP: 3/3
  2111 | D:3      | Found a faded altar of an unknown god.
  2255 | D:4      | HP: 1/29 [poisoned by an adder]
  2263 | D:4      | HP: 1/29 [poisoned by an adder]
  2264 | D:4      | Succumbed to an adder's poison

Illustrated notes

Levels and vault maps discovered:
D:1:      ncdulo_lavacross, layout_basic
D:2:      layout_loops_corners
D:3:      layout_basic, serial_shops, nicolae_shop_trees,
          shapermc_ecumenical_altar_notcrosses
D:4:      layout_rooms

Skill      XL: |  1  2 |
---------------+-------+-----
Long Blades    | 2 |  2.3
Armour         | 3 |  3.1
Shields        | 3 |  3.1
Fighting       | |  3.4

Action                   || total
-------------------------++-------
Melee: Long sword        ||   130
  Use: Potion            ||     2
Armor: Scale mail        ||    85
Dodge: Dodged            ||    54
Block: Buckler           ||    35

Table legend: (Time is in decaauts)
 A = Elapsed time spent in this place.
 B = Non-inter-level travel time spent in this place.
 C = Inter-level travel time spent in this place.
 D = Time resting spent in this place.
 E = Time spent auto-exploring this place.
 F = Levels seen in this place.
 G = Mean time per level.
                   A        B        C        D        E       F      G
               +--------+--------+--------+--------+--------+-----+--------+
         Total |   2306 |   2211 |     95 |      0 |   1898 |   4 |  576.5 |
       Dungeon |   2306 |   2211 |     95 |      0 |   1898 |   4 |  576.5 |
               +--------+--------+--------+--------+--------+-----+--------+

Top non-repeatable levels by time:
     D:1: 1279 daAuts
     D:2: 839 daAuts
     D:3: 175 daAuts
     D:4: 13 daAuts
